Map: 蓝移-天梯版

Players

IIIIIIIII

  • Race: Terran Terran

电脑难度(新手) - Winner!

  • Race: Protoss Protoss

VOD

Have the link to the VOD?

Description

Time

  • Played on: Dec. 23, 2018, 7:48 p.m.
  • Length: 7:04
Show
View Real Time Build Order
Export as new Build Order

IIIIIIIII Terran 

Build Orders: Cyclone Opening 

Get SALT Encoding   

  12  0:01  SCV  
  13  0:13  SCV  
  14  0:18  Supply Depot  
  14  0:25  SCV  
  15  0:40  SCV  
  16  0:43  Barracks  
  16  0:47  Refinery  
  16  0:57  SCV  
  17  1:09  SCV  
  18  1:21  SCV  
  19  1:36  Orbital Command  
  19  1:56  Marine  
  19  1:57  Factory  
  19  2:00  Supply Depot  
  20  2:05  Refinery, SCV  
  21  2:11  Bunker  
  21  2:15  Barracks Tech Lab  
  21  2:17  SCV  
  22  2:29  SCV  
  23  2:46  Cyclone  
  23  2:48  SCV  
  27  2:53  Starport  
  27  2:57  Supply Depot  
  27  3:01  SCV  
  27  3:02  Barracks Reactor  
  28  3:13  SCV  
  29  3:22  Widow Mine  
  29  3:23  Command Center  
  32  3:41  Viking  
  32  3:42  Viking  
  35  3:48  Supply Depot  
  35  3:50  Widow Mine  
  37  4:01  Marine  
  38  4:12  Widow Mine, Viking x2  
  44  4:24  Marine  
  45  4:36  Orbital Command  
  45  4:42  Viking x2  
  49  4:55  Marine, Barracks  
  49  4:56  Stimpack  
  50  5:03  SCV  
  50  5:04  SCV  
  54  5:16  Viking  
  54  5:20  SCV x2  
  56  5:22  Supply Depot  
  56  5:25  Viking  
  58  5:31  Marine  
  58  5:32  SCV  
  60  5:38  Factory Reactor  
  60  5:42  SCV  
  61  5:49  Marine, SCV  
  63  5:50  Supply Depot  
  63  5:54  SCV  
  64  5:57  Barracks  
  64  6:00  Marine x2  
  64  6:01  Medivac  
  68  6:06  SCV  
  68  6:08  SCV  
  68  6:10  Supply Depot  
  70  6:13  Marine  
  72  6:18  SCV  
  72  6:21  SCV  
  72  6:23  Marine x2  
  75  6:27  Factory Tech Lab  
  75  6:31  Medivac  
  77  6:33  SCV  
  77  6:34  SCV  
  79  6:45  Marine x3  
  82  6:48  SCV x2  
  84  6:59  Command Center  
Show
View Real Time Build Order
Export as new Build Order

电脑难度(新手) Protoss - Winner!

Build Orders: 1 Gate Expand, Nexus First 

Get SALT Encoding   

  12  0:00  Probe  
  13  0:13  Probe  
  14  0:20  Pylon  
  14  0:43  Gateway  
  14  1:00  Nexus  
  14  1:19  Pylon  
  14  1:21  Zealot  
  14  1:24  Assimilator  
  16  1:36  Cybernetics Core  
  16  1:38  Probe  
  17  1:50  Probe  
  18  2:00  Probe, Assimilator  
  19  2:08  Probe  
  19  2:09  Warp Gate  
  19  2:15  Probe, Stalker  
  23  2:25  Probe  
  23  2:29  Probe  
  25  2:40  Probe  
  26  2:46  Pylon  
  26  2:47  Probe  
  27  2:54  Probe  
  28  3:01  Probe  
  29  3:09  Robotics Facility, Probe  
  30  3:26  Assimilator  
  30  3:28  Probe  
  30  3:32  Zealot  
  33  3:35  Probe  
  34  3:42  Probe  
  35  3:49  Probe  
  36  3:56  Probe  
  36  3:57  Observer  
  36  3:59  Assimilator  
  36  4:02  Probe  
  39  4:11  Probe  
  39  4:14  Probe  
  40  4:18  Observer  
  42  4:25  Probe  
  42  4:29  Probe  
  44  4:39  Probe  
  44  4:42  Pylon  
  45  4:46  Probe  
  45  4:49  Stalker  
  48  4:53  Probe  
  49  5:01  Probe  
Tags
 
Add a new tag
Caveats
  • Supply blocks, unpowered buildings, or Contaminate may cause inaccurate times.
  • Supply counts are checked every 10 seconds.